 Dungeon Crawl Stone Soup version 0.24.0-125-gc4c63601f3 (webtiles) character file.

Game seed: 5603766510299981293, levelgen mode: deterministic

109592 Heliosone the Brawler (level 16, -7/114 HPs)
             Began as a Troll Hunter on Mar 5, 2020.
             Was the Champion of Nemelex Xobeh.
             Mangled by a tentacled starspawn (20 damage)
             ... on level 3 of the Abyss on Mar 6, 2020.
             The game lasted 01:33:04 (33036 turns).

Heliosone the Brawler (Troll Hunter)               Turns: 33036, Time: 01:33:06

Health: -7/114     AC:  5    Str: 20 (21) XL:     16   Next: 5%
Magic:  0/10       EV: 11    Int:  8      God:    Nemelex Xobeh [******]
Gold:   2406       SH: 13    Dex: 10      Spells: 15/15 levels left

rFire    + + .     SeeInvis +     - Unarmed
rCold    x . .     Gourm    +   W - +2 shield
rNeg     . . .     Faith    .   u - +0 fire dragon scales
rPois    .         Spirit   +   (helmet restricted)
rElec    .         Reflect  .   e - +0 cloak
rCorr    .         Harm     .   (gloves unavailable)
MR       +....     Rnd*Rage +   (boots unavailable) Stlth ..........Rnd*Tele +
                                v - amulet of guardian spirit
HPRegen  0.69/turn              P - ring of see invisible
MPRegen  0.12/turn              G - +3 ring of dexterity

@: lethally poisoned (-7 -> -10), corroded
A: large, unfitting armour, claws 3, [berserk 1], [blurry vision 3], [clumsy 2],
[deformed body], [deterioration 2], [dopey 1], fast metabolism 3, [frail 3],
gourmand, [low mp 3], regeneration 1, [screaming 1], shaggy fur 1, [teleportitis
1], tough skin 3, [weak 2], [no potion heal 2], [subdued magic 1]
a: Draw Escape, Draw Destruction, Draw Summoning, Triple Draw, Deal Four, Stack
Five, Renounce Religion


You were on level 3 of the Abyss.
You worshipped Nemelex Xobeh.
Nemelex Xobeh was exalted by your worship.
You were very hungry.

You visited 5 branches of the dungeon, and saw 25 of its levels.
You visited the Abyss 1 time.

You collected 2556 gold pieces.
You spent 150 gold pieces at shops.

Inventory:

Missiles
 b - 3 javelins
 c - 29 large rocks (quivered)
 d - a throwing net
 r - 106 poisoned darts
Armour
 e - a +0 cloak (worn)
 u - +0 fire dragon scales (worn)
 K - +0 steam dragon scales
 W - a +2 shield (worn)
Jewellery
 g - a +3 ring of intelligence {unknown}
 v - an amulet of guardian spirit (around neck)
 G - a +3 ring of dexterity (right claw)
 P - a ring of see invisible (left claw)
Wands
 j - a wand of paralysis (14)
 D - a wand of clouds (4)
 F - a wand of iceblast (34)
 M - a wand of disintegration (13)
Scrolls
 a - 5 scrolls of remove curse
 h - 9 scrolls of teleportation
 k - a scroll of silence {unknown}
 m - a scroll of identify
 y - 3 scrolls of blinking
 I - a scroll of vulnerability {unknown}
 O - 2 scrolls of immolation {unknown}
Potions
 i - 3 potions of berserk rage {unknown}
 l - 3 potions of might
 n - a potion of invisibility {unknown}
 o - 5 potions of haste {unknown}
 p - 4 potions of lignification
 q - 2 potions of magic {unknown}
 s - 3 potions of brilliance {unknown}
 t - 4 potions of agility {unknown}
 w - 8 potions of curing {unknown}
 z - 4 potions of ambrosia {unknown}
 A - 5 potions of heal wounds
 B - 4 potions of flight {unknown}
 C - a potion of resistance {unknown}
 T - 2 potions of mutation {unknown}
Miscellaneous
 x - a lightning rod (4/4)
Comestibles
 f - 43 rations


   Skills:
 + Level 11.6 Fighting
 - Level 7.0 Throwing
 - Level 9.9 Armour
 - Level 10.2 Dodging
 - Level 0.3 Stealth
 - Level 9.0 Shields
 + Level 15.4 Unarmed Combat


You had 15 spell levels left.
You didn't know any spells.
Your spell library contained the following spells:

 Spells                   Type           Power        Failure   Level  Hunger
 Apportation              Tloc           #.....       73%         1    ##.....
 Confusing Touch          Hex            #.....       73%         1    ##.....
 Corona                   Hex            #......      73%         1    ##.....
 Flame Tongue             Conj/Fire      #....        73%         1    ##.....
 Sting                    Conj/Pois      #...         73%         1    ##.....
 Summon Butterflies       Summ           #.......     73%         1    ##.....
 Throw Flame              Conj/Fire      #.....       86%         2    ###....
 Call Canine Familiar     Summ           #.......     98%         3    ####...
 Confuse                  Hex            #.......     98%         3    ####...
 Conjure Flame            Conj/Fire      #.......     98%         3    ####...
 Gell's Gravitas          Tloc           #.........   98%         3    ####...
 Ignite Poison            Fire/Tmut/Pois #.......     98%         3    ####...
 Inner Flame              Hex/Fire       #.......     98%         3    ####...
 Lesser Beckoning         Tloc           #.........   98%         3    ####...
 Tukima's Dance           Hex            #.......     98%         3    ####...
 Petrify                  Tmut/Erth      #.......     100%        4    #####..
 Sticky Flame             Conj/Fire      #.......     100%        4    #####..
 Summon Ice Beast         Ice/Summ       #.......     100%        4    #####..
 Summon Lightning Spire   Summ/Air       #.......     100%        4    #####..
 Alistair's Intoxication  Tmut/Pois      #.......     100%        5    ######.
 Fireball                 Conj/Fire      #.........   100%        5    ######.
 Irradiate                Conj/Tmut      #.........   100%        5    ######.
 Metabolic Englaciation   Hex/Ice        #.........   100%        5    ######.
 Silence                  Hex/Air        #.........   100%        5    ######.
 Summon Mana Viper        Hex/Summ       #.......     100%        5    ######.
 Yara's Violent Unravell  Hex/Tmut       #.........   100%        5    ######.
 Bolt of Fire             Conj/Fire      #.........   100%        6    #######
 Conjure Ball Lightning   Conj/Air       #.........   100%        6    #######
 Darkness                 Hex            #.........   100%        6    #######
 Deflect Missiles         Chrm/Air       #.........   100%        6    #######
 Hydra Form               Tmut           #.........   100%        6    #######
 Invisibility             Hex            #.......     100%        6    #######
 Statue Form              Tmut/Erth      #........    100%        6    #######
 Dragon Form              Tmut           #.........   100%        7    #######
 Ring of Flames           Chrm/Fire      #.........   100%        7    #######
 Summon Hydra             Summ           #.........   100%        7    #######
 Ignition                 Fire           #.........   100%        8    #######
 Tornado                  Air            #.........   100%        9    #######


Dungeon Overview and Level Annotations

Branches:
Dungeon (15/15)            Temple (1/1) D:6            Lair (6/6) D:9
  Swamp (0/4) Lair:4       Spider (1/4) Lair:4        Slime (0/5) Lair:5
    Orc (2/2) D:11            Elf (0/3) Orc:2        Vaults (0/5) D:14
 Depths (0/5) D:15

Altars:
Ashenzari
Cheibriados
Dithmenos
Elyvilon
Fedhas
Gozag
Hepliaklqana
Kikubaaqudgha
Makhleb
Nemelex Xobeh
Okawaru
Qazlal
Ru
Sif Muna
Trog
Uskayaw
Vehumet
Wu Jian
Xom
Yredelemnul
Zin
The Shining One
Beogh

Shops:
D:6 [   Orc:2 [(*!

Annotations:
D:12 3 runed translucent doors, Johnny's ghost, novice DrIE; Xeikkuus's ghost, journeyman MiFi; Zost's ghost, journeyman TrFi
Spider:1 Louise


Innate Abilities, Weirdness & Mutations

You are too large for most types of armour.
You have claws for hands.
Your metabolism is lightning-fast.
You like to eat raw meat.
Your natural rate of healing is unusually fast.
You are covered in fur. (AC +1)
You have extremely tough skin. (AC +3)
[You tend to lose your temper in combat.]
[Scrolls take you much longer to read.]
[You are very clumsy. (Dex -4)]
[Armour fits poorly on your strangely shaped body.]
[Your body often deteriorates upon taking damage.]
[You are dopey. (Int -2)]
[You are extremely frail. (-30% HP)]
[Your magical capacity is extremely low. (-30% MP)]
[You occasionally shout uncontrollably at your foes.]
[You are occasionally teleported next to monsters.]
[You are very weak. (Str -4)]
[Potions are poor at restoring your health.]
[Your spells are a little easier to cast, but a little less powerful.]


Message History

Your insubstantial wisp hits the worldbinder but does no damage.
The yaktaur barely misses your insubstantial wisp.
You begin reading the scroll.
You continue reading the scroll.
You feel sick. You block the worldbinder's attack.
The worldbinder hits you but does no damage.
The thrashing horror tramples you.
You hold your ground!
The thrashing horror barely misses you.
The small abomination hits your insubstantial wisp but does no damage.
The apocalypse crab bites you!
The apocalypse crab draws strength from your injuries!
The apocalypse crab claws you.
* * * LOW HITPOINT WARNING * * *
Space warps horribly around you!!
* * * LOW HITPOINT WARNING * * *
Your body deteriorates!
You feel weakened. The rust devil hits you.
* * * LOW HITPOINT WARNING * * *
The rust devil corrodes you! The tentacled starspawn bites you!!
You die...
Your body glows with a rainbow of weird colours and disappears.

. # ## # #
. # ...#
..≈ ○#○ .
≈# ≈##≈≈≈#
.
♣≈##.w#x#
#≈#LX4Xv##
.. ≈


#@tvc# Z ##x.p≈# ##.. #vc.≈5# # .#.#≈≈ . . .## #. # # ## You could see an
ironheart preserver, an ancient lich, a tentacled starspawn, an apocalypse crab,
a thrashing horror, 2 yaktaurs, a rust devil, a worldbinder, a small
abomination, a starspawn tentacle, an insubstantial wisp, an ufetubus and 2
friendly insubstantial wisps.

Vanquished Creatures
  A tentacled starspawn (Abyss:3)
  Agnes (Lair:4)
  A juggernaut skeleton (D:15)
  2 ogre magi
  Fannar (Lair:2)
  Erica (D:8)
  5 hydras
  A catoblepas (Lair:6)
  13 two-headed ogres
  A vampire mage (D:15)
  A thrashing horror (Abyss:3)
  2 centaur warriors (D:14)
  12 death yaks
  8 orc high priests (Orc:2)
  Urug (D:10)
  3 wretched stars (Abyss:3)
  5 skeletal warriors (D:15)
  An unseen horror (D:13)
  A deep elf archer (D:14)
  7 wizards (D:14)
  A lindwurm (Lair:6)
  A necromancer (D:15)
  2 orc knights
  5 deep elf magi
  10 ugly things
  An orc sorcerer (Orc:1)
  2 frost giant zombies (D:15)
  An orb spider (Spider:1)
  3 manticores
  4 cyclopes
  3 elephants (Lair:6)
  A guardian serpent (Lair:3)
  10 spiny frogs
  A gargoyle (D:15)
  A kobold demonologist (D:13)
  2 efreet
  10 komodo dragons
  3 rime drakes
  A freezing wraith (D:14)
  2 hornets
  3 tyrant leeches (Lair:4)
  A queen bee (Lair:3)
  3 trolls
  2 dream sheep (D:12)
  24 blink frogs
  A snapping turtle (shapeshifter) (D:15)
  6 hippogriffs
  A large abomination (Abyss:3)
  A shadow (D:13)
  A spriggan skeleton (D:15)
  3 redbacks (Spider:1)
  2 tarantellas
  2 hungry ghosts
  62 yaks
  6 basilisks
  4 wyverns
  A steam dragon (D:9)
  3 vampire mosquitoes
  A soldier ant (D:13)
  8 wargs
  15 water moccasins
  A floating eye (D:13)
  8 porcupines
  16 orc warriors
  3 sky beasts
  18 ogres
  3 black bears
  An eye of draining (D:8)
  6 ice beasts
  8 phantoms
  3 necrophages
  13 centaurs
  11 crocodiles
  6 wolves
  4 big kobolds
  24 bullfrogs
  2 wyvern zombies
  2 gnoll sergeants
  A wyvern skeleton (D:11)
  2 scorpions
  13 killer bees
  8 wights (D:15)
  5 howler monkeys
  4 jellies
  3 bullfrog zombies
  A centaur zombie (D:7)
  14 crimson imps
  A quasit (D:7)
  12 hounds
  40 orc priests
  2 gnoll shamans
  19 orc wizards
  5 centaur skeletons
  3 bullfrog skeletons
  2 iguanas
  10 worker ants
  A killer bee zombie (D:6)
  3 hound skeletons
  A worker ant zombie (D:11)
  22 gnolls
  2 howler monkey skeletons
  11 adders
  A shadow imp (D:13)
  An ooze (D:2)
  An adder skeleton (D:7)
  3 adder zombies (D:9)
  8 worms
  3 dart slugs
  3 leopard geckos
  83 orcs
  5 giant cockroaches
  2 gnoll zombies (D:3)
  11 hobgoblins
  7 jackals
  5 quokkas
  6 bats
  2 frilled lizards
  A giant cockroach zombie (D:6)
  10 goblins
  10 kobolds
  A leopard gecko zombie (D:5)
  A quokka zombie (D:6)
  6 rats
  A starspawn tentacle (Abyss:3)
767 creatures vanquished.

Vanquished Creatures (collateral kills)
  Saint Roka (Orc:2)
  A fire dragon (D:15)
  3 catoblepae
  5 hydras
  A death yak (Lair:6)
  A spiny frog (Lair:6)
  2 komodo dragons (Lair:6)
  A blink frog (Lair:6)
  5 yaks
  2 wargs (Orc:2)
  2 water moccasins (Lair:6)
  An orc warrior (Orc:2)
  An orc priest (Orc:2)
  A fungus (Lair:4)
27 creatures vanquished.

Vanquished Creatures (others)
  An orc high priest (Orc:2)
  A small abomination (Abyss:3)
  An orc (D:9)
  9 fungi
  13 plants
  9 starspawn tentacles (Abyss:3)
34 creatures vanquished.

Grand Total: 828 creatures vanquished

Notes
Turn   | Place    | Note
-------+----------+-------------------------------------------
     0 | D:1      | Heliosone the Troll Hunter began the quest for the Orb.
     0 | D:1      | Reached XP level 1. HP: 19/19 MP: 0/0
    91 | D:1      | Reached skill level 1 in Unarmed Combat
   133 | D:1      | Reached XP level 2. HP: 28/28 MP: 1/1
   839 | D:2      | Reached XP level 3. HP: 35/35 MP: 2/2
   879 | D:2      | Reached skill level 2 in Unarmed Combat
   914 | D:2      | Reached XP level 4. HP: 44/44 MP: 3/3
  1483 | D:3      | Reached skill level 3 in Unarmed Combat
  1678 | D:3      | Found a basalt altar of Yredelemnul.
  1804 | D:3      | Reached XP level 5. HP: 43/53 MP: 4/4
  2042 | D:4      | Found a bloodstained altar of Trog.
  2066 | D:4      | Noticed an ogre
  2069 | D:4      | Killed an ogre
  2071 | D:4      | Found a white marble altar of Elyvilon.
  2106 | D:4      | Reached skill level 4 in Unarmed Combat
  2187 | D:4      | Noticed an orc warrior
  2192 | D:4      | Noticed an ogre
  2243 | D:4      | Reached XP level 6. HP: 53/62 MP: 5/5
  2358 | D:4      | Killed an orc warrior
  2631 | D:4      | Reached skill level 5 in Unarmed Combat
  2631 | D:4      | Reached XP level 7. HP: 66/71 MP: 6/6
  3175 | D:5      | Entered Level 5 of the Dungeon
  3224 | D:5      | Reached skill level 1 in Shields
  3249 | D:5      | Found a sacrificial altar of Ru.
  3331 | D:5      | Reached skill level 5 in Fighting
  3562 | D:5      | Reached skill level 6 in Unarmed Combat
  3562 | D:5      | Reached XP level 8. HP: 63/80 MP: 7/7
  4209 | D:6      | Found Finirch's Armour Emporium.
  4429 | D:6      | Reached skill level 7 in Unarmed Combat
  4435 | D:6      | Found a staircase to the Ecumenical Temple.
  4446 | Temple   | Entered the Ecumenical Temple
  4577 | Temple   | Became a worshipper of Nemelex Xobeh the Trickster
  4585 | D:6      | Found a shadowy altar of Dithmenos.
  4877 | D:6      | Reached XP level 9. HP: 92/92 MP: 8/8
  4887 | D:6      | Received a gift from Nemelex Xobeh
  5832 | D:7      | Reached * piety under Nemelex Xobeh
  6196 | D:7      | Reached skill level 8 in Unarmed Combat
  6254 | D:7      | Received a gift from Nemelex Xobeh
  6399 | D:7      | Reached skill level 5 in Shields
  7070 | D:8      | Noticed Erica
  7082 | D:8      | Noticed a two-headed ogre
  7201 | D:8      | Killed Erica
  7201 | D:8      | Reached XP level 10. HP: 50/102 MP: 9/9
  7411 | D:8      | Found a snail-covered altar of Cheibriados.
  7436 | D:8      | Found a shimmering altar of Xom.
  7455 | D:8      | Reached skill level 9 in Unarmed Combat
  8127 | D:8      | Killed a two-headed ogre
  8290 | D:9      | Reached ** piety under Nemelex Xobeh
  9147 | D:9      | Noticed a two-headed ogre
  9153 | D:9      | Killed a two-headed ogre
  9153 | D:9      | Reached skill level 10 in Unarmed Combat
  9580 | D:9      | Reached XP level 11. HP: 113/113 MP: 10/10
  9773 | D:9      | Found a staircase to the Lair.
  9856 | D:10     | Entered Level 10 of the Dungeon
  9995 | D:10     | Received a gift from Nemelex Xobeh
 10054 | D:10     | Noticed Urug
 10061 | D:10     | Killed Urug
 10278 | D:10     | Reached *** piety under Nemelex Xobeh
 10706 | D:11     | Received a gift from Nemelex Xobeh
 10916 | D:11     | Found a staircase to the Orcish Mines.
 11152 | D:11     | Reached skill level 5 in Throwing
 11240 | D:11     | Reached skill level 5 in Dodging
 11340 | D:11     | Received a gift from Nemelex Xobeh
 11617 | D:11     | Found a roughly hewn altar of Beogh.
 11686 | D:12     | Noticed a deep elf mage
 11693 | D:12     | Killed a deep elf mage
 11863 | D:12     | Reached **** piety under Nemelex Xobeh
 12005 | D:12     | Noticed a two-headed hydra
 12011 | D:12     | Killed a two-headed hydra
 12205 | D:12     | Found a runed translucent gate.
 12205 | D:12     | Found a runed translucent gate.
 12205 | D:12     | Found a runed translucent gate.
 12206 | D:12     | Noticed Zost's ghost (journeyman TrFi)
 12206 | D:12     | Noticed Johnny's ghost (novice DrIE)
 12207 | D:12     | Noticed Xeikkuus's ghost (journeyman MiFi)
 12597 | D:13     | Noticed a six-headed hydra
 12609 | D:12     | Reached XP level 12. HP: 99/122 MP: 7/11
 12898 | D:13     | Received a gift from Nemelex Xobeh
 12986 | D:13     | Reached skill level 1 in Armour
 13417 | D:13     | Noticed a two-headed ogre
 13431 | D:13     | Killed a two-headed ogre
 13445 | D:13     | Killed a six-headed hydra
 13518 | D:13     | Noticed a two-headed ogre
 13561 | D:13     | Killed a two-headed ogre
 13928 | D:13     | Received a gift from Nemelex Xobeh
 13982 | D:13     | Reached ***** piety under Nemelex Xobeh
 14267 | D:14     | Noticed a four-headed hydra
 14282 | D:14     | Killed a four-headed hydra
 14757 | D:14     | Reached skill level 5 in Armour
 14810 | D:14     | Noticed a two-headed ogre
 14849 | D:14     | Killed a two-headed ogre
 15154 | D:14     | Noticed a centaur warrior
 15177 | D:14     | Killed a centaur warrior
 15231 | D:14     | Noticed a two-headed ogre
 15249 | D:14     | Killed a two-headed ogre
 15249 | D:14     | Reached XP level 13. HP: 115/128 MP: 9/12
 15579 | Lair:1   | Entered Level 1 of the Lair of Beasts
 15855 | Lair:1   | Received a gift from Nemelex Xobeh
 17085 | Lair:2   | Received a gift from Nemelex Xobeh
 17445 | Lair:2   | Noticed Fannar
 17465 | Lair:2   | Killed Fannar
 17627 | Lair:2   | Reached skill level 10 in Dodging
 17943 | Lair:2   | Received a gift from Nemelex Xobeh
 18344 | Lair:3   | Found a stormy altar of Qazlal.
 18508 | Lair:3   | Received a gift from Nemelex Xobeh
 18769 | Lair:3   | Received a gift from Nemelex Xobeh
 19293 | Lair:4   | Reached ****** piety under Nemelex Xobeh
 19327 | Lair:4   | Found a staircase to the Swamp.
 19754 | Lair:4   | Found a hole to the Spider Nest.
 20074 | Lair:4   | Received a gift from Nemelex Xobeh
 20542 | Lair:4   | Reached skill level 11 in Unarmed Combat
 21009 | Lair:5   | Found a staircase to the Slime Pits.
 21122 | Lair:5   | Received a gift from Nemelex Xobeh
 21174 | Lair:4   | Reached XP level 14. HP: 93/137 MP: 8/13
 22298 | Lair:6   | Entered Level 6 of the Lair of Beasts
 22466 | Lair:6   | Reached skill level 12 in Unarmed Combat
 23222 | Lair:6   | Received a gift from Nemelex Xobeh
 23597 | Lair:6   | Identified the +1 trident of Valour {pierce, rF+ MR+ Str+3}
 23858 | Lair:6   | Reached skill level 13 in Unarmed Combat
 24628 | Lair:6   | Received a gift from Nemelex Xobeh
 25313 | Orc:1    | Entered Level 1 of the Orcish Mines
 25507 | Orc:2    | Entered Level 2 of the Orcish Mines
 25605 | Orc:2    | Received a gift from Nemelex Xobeh
 25912 | Orc:2    | Noticed Saint Roka
 26005 | Orc:2    | Reached XP level 15. HP: 93/146 MP: 9/14
 26009 | Orc:2    | Identified the +0 quarterstaff "Keolis" {freeze, *Corrode
                  | Int+9 Stlth+}
 26010 | Orc:2    | Identified the +1 long sword "Erraleby" {flame, +Fly Str+8}
 26036 | Orc:2    | Killed Saint Roka
 26349 | Orc:2    | Found a staircase to the Elven Halls.
 26613 | Orc:2    | Received a gift from Nemelex Xobeh
 26920 | Orc:2    | Found a roughly hewn altar of Beogh.
 26986 | Orc:2    | Found Quim's Distillery.
 27056 | Orc:2    | Bought a potion of heal wounds for 75 gold pieces
 27056 | Orc:2    | Bought a potion of heal wounds for 75 gold pieces
 27187 | Orc:2    | Found Xunuz's Assorted Antiques.
 27625 | Orc:2    | Found Lak Muem's Armour Shoppe.
 27625 | Orc:2    | Found Vureyxosm's Weapon Boutique.
 27664 | Orc:2    | Reached skill level 14 in Unarmed Combat
 27890 | Orc:1    | Reached skill level 10 in Fighting
 28796 | D:14     | Found the +3 warlock's mirror {reflect}
 29060 | D:14     | Found a gate to the Vaults.
 29316 | D:15     | Entered Level 15 of the Dungeon
 29316 | D:15     | Received a gift from Nemelex Xobeh
 29805 | D:15     | Received a gift from Nemelex Xobeh
 30086 | D:15     | Found a staircase to the Depths.
 30327 | D:15     | Reached skill level 15 in Unarmed Combat
 30570 | D:15     | Identified the Tome of Curses and Intoxication
 31224 | D:15     | Received a gift from Nemelex Xobeh
 32058 | Spider:1 | Entered Level 1 of the Spider Nest
 32058 | Spider:1 | Noticed Agnes
 32080 | Lair:4   | Killed Agnes
 32331 | Spider:1 | Noticed Louise
 32344 | Spider:1 | Cast into level 3 of the Abyss (Louise)
 32477 | Abyss:3  | Received a gift from Nemelex Xobeh
 32562 | Abyss:3  | Noticed a tentacled starspawn
 32596 | Abyss:3  | Killed a tentacled starspawn
 32605 | Abyss:3  | Reached XP level 16. HP: 114/114 MP: 9/11
 32986 | Abyss:3  | Noticed an ancient lich
 33030 | Abyss:3  | Noticed a tentacled starspawn
 33036 | Abyss:3  | Mangled by a tentacled starspawn

Levels and vault maps discovered:
D:1:      minmay_arrival_semitransparent, layout_basic, minmay_tiny_reverse_x
D:2:      layout_basic
D:3:      layout_rooms, lemuel_zombie_altar_yredelemnul
D:4:      layout_loops_corners, nicolae_overflow_crystal_walls,
          lemuel_doored_altar, first_ration, cheibrodos_sewer_entry_bend
D:5:      layout_cave_pools, nicolae_ru_awakened_eye, serial_gnoll_camp,
          gnoll_camp_mini_hut, gnoll_camp_mini_house, gnoll_camp_mini_loothouse,
          gnoll_camp_mini_doghouse, kennysheep_generic_room_10
D:6:      layout_basic, temple_statues, serial_shops, shop,
          nicolae_dithmenos_the_darkroom
D:7:      layout_basic
D:8:      layout_loops_ring, lemuel_coloured_pillars_altar,
          kennysheep_little_box, uniq_erica
D:9:      layout_stronghold, erik_lair_dragon, serial_rivers,
          chequers_serial_rivers_micro_d, chequers_serial_rivers_micro_c,
          chequers_serial_rivers_micro_d, chequers_serial_rivers_micro_c
D:10:     layout_roguey, uniq_urug
D:11:     layout_loops_ring, minmay_orc_entry_temple_small
D:12:     layout_basic, gammafunk_ghost_cemetery, hangedman_ranch
          [blue_anna_fruit_fields], chequers_serial_rivers_room_b,
          minmay_misc_feat_pillars
D:13:     layout_stronghold, onia_ninara_cookie
D:14:     minmay_smoke_and_mirrors, layout_gridville,
          hangedman_vaults_entry_quadrant_bands, minmay_sticks_and_stones
D:15:     gammafunk_depths_entry_grave, layout_layer_cave,
          grunt_decor_mini_mirrors
Temple:   eino_temple_rhombus
Lair:1:   layout_gridlike, beast_lair_carwin_6, serial_bayou_shore_b,
          grunt_megastairs_1
Lair:2:   layout_small_grid, nicolae_quartered_pool_little, uniq_fannar
Lair:3:   layout_regular_city, basic_altar
Lair:4:   layout_misc_corridors, minmay_swamp_entry_worms, dummy_spider_entry
Lair:5:   layout_cave_shapes, slime_dummy
Lair:6:   evilmike_catoblepas_cave, layout_misc_corridors
Spider:1: layout_spider_delve, nicolae_spider_circle_web, uniq_louise,
          uniq_agnes, uniq_aizul
Orc:1:    layout_diamond_mine
Orc:2:    st_orc_town, layout_caves, uniq_saint_roka
Abyss:3:  base: Spider:1, evilmike_abyss_exit_1, minivault_25,
          gammafunk_abyss_rune_reverse_zot, due_exit_kobolds,
          hangedman_abyss_river_spirits, base:
Orc:2

Skill      XL: |  1  2  3  4  5  6  7  8  9 10 11 12 13 14 15 |
---------------+----------------------------------------------+-----
Unarmed Combat | 1 2 3 4 5 6 7 8 10 11 13 15 | 15.4
Fighting       | 2 3 4 5 6 7 8 9 11 | 11.6
Shields        | 2 4 5 7 8 9 |  9.0
Dodging        | 2 6 9 10 | 10.2
Throwing       | 6 7 |  7.0
Armour         | 6 9 |  9.9
Stealth        | |  0.3

Action                   |  1- 3 |  4- 6 |  7- 9 | 10-12 | 13-15 | 16-18 || total
-------------------------+-------+-------+-------+-------+-------+-------++-------
Melee: Unarmed           |    73 |   151 |   386 |   837 |  1487 |    25 ||  2959
       Punch             |       |     3 |       |       |       |       ||     3
Throw: Large rock        |       |     2 |       |    36 |   124 |       ||   162
       Throwing net      |       |     1 |       |     1 |       |       ||     2
       Dart              |       |       |     5 |    22 |       |       ||    27
       Javelin           |       |       |       |    12 |    10 |       ||    22
 Abil: Draw Summoning    |       |       |       |     2 |    24 |     3 ||    29
       Draw Destruction  |       |       |       |       |     9 |       ||     9
       Draw Escape       |       |       |       |       |     4 |     2 ||     6
  Use: Scroll            |       |       |    10 |     4 |     6 |       ||    20
       Potion            |       |       |       |       |     1 |       ||     1
 Stab: Sleeping          |     2 |       |       |    11 |     2 |       ||    15
       Held in net/web   |       |     1 |       |       |       |       ||     1
       Distracted        |       |       |       |     1 |     1 |       ||     2
       Petrified         |       |       |       |       |     5 |       ||     5
  Eat: Chunk             |    14 |    15 |    36 |    76 |   159 |       ||   300
       Ration            |       |       |       |       |     2 |       ||     2
Armor: Robe              |    33 |    46 |    71 |     9 |       |       ||   159
       Shadow dragon sca |       |       |       |   228 |   184 |       ||   412
       Steam dragon scal |       |       |       |       |   127 |       ||   127
       Fire dragon scale |       |       |       |       |    35 |    22 ||    57
Dodge: Dodged            |    22 |    52 |    56 |   103 |   496 |    25 ||   754
Block: Large shield      |       |       |   208 |   662 |   685 |       ||  1555
       Shield            |       |       |       |       |   382 |    35 ||   417
